 Dungeon Crawl Stone Soup version 0.27-a0-909-g0721f309d1 (webtiles) character file.

Game seed: 6408015596482943022

2 Alarkh the Insei (level 1, -1/15 HPs)
             Began as a Demonspawn Transmuter on Apr 8, 2021.
             Slain by a kobold
             ... wielding a +0 whip of electrocution
              (11 damage)
             ... on level 1 of the Dungeon.
             The game lasted 00:00:11 (90 turns).

Alarkh the Insei (Demonspawn Transmuter)              Turns: 90, Time: 00:00:11

Health: -1/15      AC:  2    Str: 10    XL:     1   Next: 33%
Magic:  2/3        EV: 12    Int: 14    God:
Gold:   13         SH:  0    Dex: 13    Spells: 3/4 levels left

rFire    . . .     SeeInvis .     - Unarmed
rCold    . . .     Faith    .   (no shield)
rNeg     . . .     Spirit   .   a - +0 robe
rPois    .         Reflect  .   (no helmet)
rElec    .         Harm     .   (no cloak)
rCorr    +         Rampage  .   (no gloves)
Will     .....                  (no boots)
Stlth    +.........             (no amulet)
HPRegen  0.05/turn              b - ring of resist corrosion
MPRegen  0.08/turn              (no ring)

@: very slightly contaminated
A: no striking features
a: no special abilities


You were on level 1 of the Dungeon.
You visited 1 branch of the dungeon, and saw 1 of its levels.

You collected 13 gold pieces.

Inventory:

Armour
 a - a +0 robe (worn)
Jewellery
 b - a ring of resist corrosion (left hand)


   Skills:
 + Level 1.1 Fighting
 - Level 1.7 Dodging
 * Level 2.8 Unarmed Combat
 - Level 2.0 Spellcasting
 - Level 1.7 Transmutations


You had 3 spell levels left.
You knew the following spells:

 Your Spells              Type           Power      Damage    Failure   Level
a - Beastly Appendage     Tmut           12%        N/A       12%         1

Your spell library contained the following spells:

 Spells                   Type           Power      Damage    Failure   Level
 Wereblood                Tmut           6%         N/A       17%         2
 Spider Form              Tmut/Pois      1%         N/A       45%         3
 Ice Form                 Ice/Tmut       3%         N/A       86%         4
 Hydra Form               Tmut           3%         N/A       97%         5


Dungeon Overview and Level Annotations

Branches:
Dungeon (1/15)

Altars:


Message History

Your transformation is almost over.
The giant cockroach closely misses you. The giant cockroach bites you.
You hit the giant cockroach but do no damage.
You claw the giant cockroach.
You kill the giant cockroach!
No target in view!
No target in view!
No target in view!
No target in view!
No target in view!
No target in view!
No target in view!
No target in view!
No target in view!
No target in view!
No target in view!
No target in view!
Magic restored.
Your horns disappear.
Your talons disappear.
HP restored.
b - a ring of resist corrosion
b - a ring of resist corrosion (left hand)
A rat and a kobold come into view.
The kobold is wielding a +0 whip of electrocution.
The kobold shouts!
There are monsters nearby!
There are monsters nearby!
Casting: Beastly Appendage (safe; 12% risk of failure)
Confirm with . or Enter, or press ? or * to list all spells.
You miscast Beastly Appendage.
You are very lightly contaminated with residual magic.
Nothing appears to happen.
The kobold closely misses you.
A kobold comes into view. It is wielding a +0 club.
You barely miss the rat.
The kobold shouts!
The kobold hits you with a +0 whip of electrocution.
You are electrocuted!
Ouch! That really hurt!
You die...

K..# #.#..#
###....# #
......####.#
#...........# #.
#.#.#.#.##.
###.##.r.K......
#.......@....#
#..........###
#......#.###
#......#.#
#......#.#
#......#.######.#
#.....†..........
#########.#######
####..##..###...###


You could see 2 kobolds and a rat.

Vanquished Creatures
  A ball python (D:1)
  A giant cockroach (D:1)
2 creatures vanquished.

Notes
Turn   | Place    | Note
-------+----------+-------------------------------------------
     0 | D:1      | Alarkh the Demonspawn Transmuter began the quest for the
                  | Orb.
     0 | D:1      | Reached XP level 1. HP: 15/15 MP: 3/3
    90 | D:1      | Slain by a kobold

Illustrated notes

Levels and vault maps discovered:
D:1:      dpeg_arrival_three_same_balls, layout_basic

Action                   || total
-------------------------++-------
Melee: Unarmed           ||     7
       Kick              ||     1
 Cast: Beastly Appendage ||     1
Dodge: Dodged            ||     8

Table legend: (Time is in decaauts)
 A = Elapsed time spent in this place.
 B = Non-inter-level travel time spent in this place.
 C = Inter-level travel time spent in this place.
 D = Time resting spent in this place.
 E = Time spent auto-exploring this place.
 F = Levels seen in this place.
 G = Mean time per level.
                   A        B        C        D        E       F      G
               +--------+--------+--------+--------+--------+-----+--------+
         Total |     89 |     89 |      0 |      0 |     74 |   1 |   89.0 |
       Dungeon |     89 |     89 |      0 |      0 |     74 |   1 |   89.0 |
               +--------+--------+--------+--------+--------+-----+--------+

Top non-repeatable levels by time:
     D:1: 89 daAuts
